 Dungeon Crawl Stone Soup version 0.18.1-8-gdd0e5ea (webtiles) character file.

4106 M4edhros the Fighter (level 10, -2/80 HPs)
             Began as a Mummy Artificer on June 2, 2016.
             Was a Believer of Qazlal.
             Slain by Erica
             ... wielding a +2 scimitar of flaming
              (7 damage)
             ... on level 9 of the Dungeon on June 3, 2016.
             The game lasted 00:24:35 (4301 turns).

M4edhros the Fighter (Mummy Artificer)              Turns: 4301, Time: 00:24:36

Health: -2/80      AC:  8    Str: 14    XL:     10   Next: 6%
Magic:  14/14      EV: 14    Int: 11    God:    Qazlal [**....]
Gold:   258        SH:  0    Dex: 11    Spells: 0 memorised, 9 levels left

rFire  x . .     SeeInvis .     m - +4 rapier (protect)
rCold  + . .     Gourm    .     k - +0 troll leather armour
rNeg   + + +     Faith    .     (no shield)
rPois  ∞         Spirit   .     (no helmet)
rElec  .         Dismiss  .     j - +0 cloak
rCorr  .         Reflect  +     E - +1 pair of gloves
SustAt .         Harm     .     w - +0 pair of boots
MR     +....                    q - +3 amulet of reflection
Stlth  +.........               C - -5 ring of protection (curse)
                                y - -6 ring of dexterity (curse)

@: confused, somewhat resistant to hostile enchantments, very unstealthy
A: no food or potions, fire vulnerability, cold resistance 1, negative energy
resistance 3, torment resistance, unbreathing
a: Upheaval, Renounce Religion


You were on level 9 of the Dungeon.
You worshipped Qazlal.
Qazlal was pleased with you.
You were not hungry.

You visited 2 branches of the dungeon, and saw 10 of its levels.
You also visited: Sewer.

You collected 258 gold pieces.

Inventory:

Hand Weapons
 a - a +0 short sword
 f - a +0 blowgun
 m - a +4 rapier of protection (weapon)
 o - a +1 dagger of draining
 u - a -3 scythe
Missiles
 b - 3 javelins (quivered)
 l - 62 sling bullets
 n - 23 poisoned needles
Armour
 j - a +0 cloak (worn)
 k - a +0 troll leather armour (worn)
 w - a +0 pair of boots (worn)
 E - a +1 pair of gloves (worn)
Jewellery
 q - a +3 amulet of reflection (around neck)
 y - a cursed -6 ring of dexterity (left hand)
 B - an uncursed ring of positive energy {unknown}
 C - a cursed -5 ring of protection (right hand)
 D - an uncursed ring of ice {unknown}
Wands
 c - a wand of flame (6/48)
 d - a wand of enslavement (9/24)
 e - a wand of random effects (8/48)
 x - a wand of digging (16/24)
 A - a wand of paralysis (12/24)
 F - a wand of random effects (25/48)
Scrolls
 g - a scroll of fog
 h - 2 scrolls of random uselessness
 i - 2 scrolls of teleportation
 s - a scroll of identify
 t - a scroll of noise
 v - 2 scrolls of magic mapping
 z - 2 scrolls of recharging
 G - a scroll of holy word
Miscellaneous
 r - a phantom mirror


   Skills:
 + Level 8.2 Fighting
 * Level 5.4 Short Blades
 + Level 6.6 Dodging
 * Level 0.7 Stealth
 - Level 2.0 Unarmed Combat
 * Level 5.4 Evocations


You had 9 spell levels left.
You didn't know any spells.

Dungeon Overview and Level Annotations

Branches:
Dungeon (9/15)             Temple (1/1) D:4            Lair (0/8) D:8
    Orc: D:9-12

Altars:
Ashenzari
Cheibriados
Elyvilon
Fedhas
Gozag
Kikubaaqudgha
Makhleb
Nemelex Xobeh
Okawaru
Pakellas
Qazlal
Ru
Sif Muna
Trog
Vehumet
Xom
Yredelemnul
Zin
The Shining One

Annotations:
D:9 Erica


Innate Abilities, Weirdness & Mutations

You do not eat or drink.
Your flesh is vulnerable to fire.
You are immune to poison.
Your flesh is cold resistant.
You are immune to negative energy.
You are immune to unholy pain and torment.
You can survive without breathing.


Message History

The bolt of lightning hits the orc priest.
The orc priest is severely wounded.
This wand has 8 charges left.
You hear a bark!
You hear a shout! x6; You hear some strange, mumbled words.
You are confused.
The orc priest invokes the aid of Beogh against you.
Beogh smites you!
* * * LOW HITPOINT WARNING * * *
You hear some strange, mumbled words.
You are more confused.
You're too confused!
You don't know any spells.
Evoke which item? (* to show all) (? for menu, Esc to quit)
Okay, then.
The orc priest invokes the aid of Beogh against you.
You hear some strange, mumbled words.
A bolt of poison appears from out of thin air!
The bolt of poison hits you! You resist.
You bump into the rock wall.
Something hits you!
You die...

##+######### #######+#
#..........# ####........
#..........# #.o)o.......
#..........####.##........
#..........#..@.##........
+..........#.#####........
#..........'.# ####+####
#..........###
######...###
#######.######
#............#
#............#
#............#


You could see an orc priest.

Vanquished Creatures
  Pikel (D:9)
  Psyche (D:9)
  2 two-headed ogres (D:8)
  A slime creature (D:8)
  Sigmund (D:6)
  Eustachio (D:6)
  2 wyverns (D:9)
  A hippogriff (D:8)
  A water moccasin (D:5)
  An orc warrior (D:7)
  An ice beast (D:9)
  An ogre (D:8)
  A phantom (D:4)
  A centaur (D:6)
  A crocodile (Sewer)
  5 giant frogs
  2 scorpions (D:8)
  A wight (D:8)
  4 howler monkeys
  A giant frog zombie (D:6)
  2 centaur zombies
  A crimson imp (D:9)
  A giant frog skeleton (D:8)
  An orc priest (D:8)
  3 hounds
  3 orc wizards
  4 centaur skeletons
  An iguana (D:5)
  4 worker ants
  A hound zombie (D:7)
  2 hound skeletons
  A howler monkey skeleton (D:7)
  10 adders
  5 gnolls
  3 shadow imps
  An adder skeleton (D:8)
  A worm (D:3)
  A dart slug (D:1)
  4 giant geckos
  19 orcs
  A ball python (D:3)
  5 giant cockroaches
  5 goblins
  7 hobgoblins
  3 jackals
  A quokka (D:8)
  12 bats
  4 giant newts
  6 kobolds
  4 rats
  A spectral orc (D:8)
147 creatures vanquished.

Vanquished Creatures (collateral kills)
  A howler monkey (D:8)
  A crimson imp (D:8)
  An orc wizard (D:8)
  A hound (D:8)
4 creatures vanquished.

Vanquished Creatures (others)
  A wyvern (D:8)
  A centaur (D:8)
  A scorpion (D:9)
  2 orcs (D:9)
5 creatures vanquished.

Grand Total: 156 creatures vanquished

Notes
Turn   | Place    | Note
--------------------------------------------------------------
     0 | D:1      | M4edhros the Mummy Artificer began the quest for the Orb.
     0 | D:1      | Reached XP level 1. HP: 15/15 MP: 2/2
   370 | D:1      | Reached XP level 2. HP: 18/21 MP: 4/4
   732 | D:1      | nice, found troll armour on d1
   857 | D:2      | Reached skill level 2 in Fighting
   857 | D:2      | Reached XP level 3. HP: 24/27 MP: 5/5
  1065 | D:2      | Found a bloodstained altar of Trog.
  1153 | D:3      | Found a glowing drain.
  1178 | D:3      | Reached XP level 4. HP: 28/34 MP: 6/6
  1198 | Sewer    | Entered a sewer
  1285 | Sewer    | Noticed a crocodile
  1294 | Sewer    | Killed a crocodile
  1294 | Sewer    | Reached XP level 5. HP: 40/40 MP: 7/7
  1377 | D:3      | Reached skill level 3 in Fighting
  1546 | D:3      | Reached XP level 6. HP: 23/47 MP: 9/9
  1703 | D:4      | Found a staircase to the Ecumenical Temple.
  1725 | D:4      | Reached skill level 1 in Unarmed Combat
  1742 | Temple   | Entered the Ecumenical Temple
  1841 | Temple   | Became a worshipper of Qazlal Stormbringer
  1942 | D:5      | Entered Level 5 of the Dungeon
  2072 | D:5      | Noticed a water moccasin
  2143 | D:5      | Reached skill level 4 in Fighting
  2211 | D:5      | Reached XP level 7. HP: 54/54 MP: 10/10
  2412 | D:6      | Noticed Sigmund
  2440 | D:6      | Killed Sigmund
  2440 | D:6      | Reached skill level 5 in Fighting
  2538 | D:6      | Found an iron altar of Okawaru.
  2558 | D:6      | Found a radiant altar of Vehumet.
  2564 | D:6      | Found a shattered altar of Ashenzari.
  2564 | D:6      | Found a snail-covered altar of Cheibriados.
  2565 | D:6      | Found a burning altar of Makhleb.
  2566 | D:6      | Found an oddly glowing altar of Pakellas.
  2566 | D:6      | Found a glowing silver altar of Zin.
  2566 | D:6      | Found a sacrificial altar of Ru.
  2567 | D:6      | Noticed Eustachio
  2570 | D:6      | Found an opulent altar of Gozag.
  2570 | D:6      | Found a white marble altar of Elyvilon.
  2619 | D:6      | Reached XP level 8. HP: 64/64 MP: 11/11
  2778 | D:6      | Killed Eustachio
  2778 | D:6      | Reached skill level 6 in Fighting
  2893 | D:7      | Found a sparkling altar of Nemelex Xobeh.
  2906 | D:7      | Reached skill level 5 in Dodging
  2940 | D:7      | Reached * piety under Qazlal
  3268 | D:7      | Reached skill level 1 in Short Blades
  3411 | D:8      | Found a staircase to the Lair.
  3438 | D:8      | Reached skill level 7 in Fighting
  3511 | D:8      | Noticed a two-headed ogre
  3535 | D:8      | Reached XP level 9. HP: 50/72 MP: 12/12
  3548 | D:8      | Killed a two-headed ogre
  3736 | D:8      | Reached ** piety under Qazlal
  4071 | D:8      | Found a basalt altar of Yredelemnul.
  4093 | D:9      | Noticed Psyche
  4111 | D:9      | Killed Psyche
  4111 | D:9      | Reached skill level 8 in Fighting
  4133 | D:9      | Noticed Pikel
  4141 | D:9      | Killed Pikel
  4141 | D:9      | Reached skill level 5 in Short Blades
  4141 | D:9      | Reached skill level 5 in Evocations
  4202 | D:9      | Reached XP level 10. HP: 51/80 MP: 12/14
  4214 | D:9      | HP: 2/80 [wyvern (13)]
  4288 | D:9      | Noticed Erica
  4298 | D:9      | HP: 3/80 [orc priest/divine providence (10)]
  4301 | D:9      | Slain by Erica

Skill      XL: |  1  2  3  4  5  6  7  8  9 |
---------------+----------------------------+-----
Fighting       | 2 3 4 5 7 8 |  8.2
Evocations     | 3 4 5 |  5.4
Dodging        | 2 3 4 5 6 |  6.6
Unarmed Combat | 2 |  2.0
Short Blades   | 2 5 |  5.4
Stealth        | |  0.7

Action                   |  1- 3 |  4- 6 |  7- 9 | 10-12 || total
-------------------------+-------+-------+-------+-------++-------
Melee: Short sword       |   184 |    24 |       |       ||   208
       Dagger            |       |   215 |   197 |       ||   412
       Punch             |       |     2 |     7 |       ||     9
       Scythe            |       |       |    65 |       ||    65
       Rapier            |       |       |   370 |    11 ||   381
       Blowgun           |       |       |     1 |       ||     1
 Fire: Blowgun           |       |       |     8 |       ||     8
Invok: Upheaval          |       |       |       |     2 ||     2
Evoke: Wand              |     2 |     5 |    10 |     5 ||    22
  Use: Scroll            |     1 |       |    10 |     4 ||    15
 Stab: Sleeping          |       |     1 |     1 |       ||     2
Armor: Leather armour    |    14 |       |       |       ||    14
       Troll leather arm |    62 |    69 |   289 |     1 ||   421
       Skin              |     4 |       |       |       ||     4
Dodge: Dodged            |   143 |   176 |   662 |    21 ||  1002
Block: Other             |       |       |    95 |     2 ||    97
